 Dungeon Crawl Stone Soup version 0.16.1 (webtiles) character file.

55 Ladykiller69 the Caller (level 3, 0/19 HPs)
             Began as a Tengu Summoner on Mar 23, 2015.
             Slain by a giant frog (2 damage)
             ... on level 3 of the Dungeon.
             The game lasted 00:10:07 (1836 turns).

Ladykiller69 the Caller (Tengu Summoner)            Turns: 1836, Time: 00:10:07

Health: 0/19       AC:  5    Str:  9    XL:     3   Next: 93%
Magic:  5/7        EV: 11    Int: 15    God:
Gold:   130        SH:  0    Dex: 16    Spells: 2 memorised, 3 levels left

rFire  + . .     SeeInvis .     g - +0 spear
rCold  . . .     Clarity  .     k - +0 ring mail (curse)
rNeg   . . .     SustAb   .     (no shield)
rPois  .         Gourm    .     (helmet restricted)
rElec  .         Spirit   .     (no cloak)
rCorr  .         Warding  .     (no gloves)
rMut   .         Stasis   .     (boots unavailable)
MR     .....                    (no amulet)
Stlth  ++........               e - +2 ring of dexterity
                                r - ring of protection from fire

@: not resistant to hostile enchantments, unstealthy
A: beak, talons 3
a: no special abilities


You were on level 3 of the Dungeon.
You were not hungry.

You visited 1 branch of the dungeon, and saw 3 of its levels.

You collected 130 gold pieces.

Inventory:

Hand weapons
 g - a +0 spear (weapon)
Armour
 a - a +0 robe
 k - a cursed +0 ring mail (worn)
 s - a +0 scale mail
Jewellery
 e - a +2 ring of dexterity (right hand)
 r - a ring of protection from fire (left hand)
Scrolls
 f - a scroll of teleportation {unknown}
 j - 3 scrolls of identify {unknown}
 l - a scroll of amnesia {unknown}
 m - a scroll of noise {unknown}
 n - a scroll of remove curse {unknown}
 o - a scroll of immolation {unknown}
Potions
 h - a potion of mutation {unknown}
 i - 2 potions of resistance {unknown}
Books
 b - a book of Callings

   Spells                             Type                      Level
   a - Summon Small Mammal            Summoning                    1
   b - Call Imp                       Summoning                    2
   c - Call Canine Familiar           Summoning                    3
   d - Summon Guardian Golem          Hexes/Summoning              4
   e - Summon Lightning Spire         Summoning/Air                4
   f - Summon Ice Beast               Ice/Summoning                4
Comestibles
 c - 2 bread rations
 d - a slice of pizza
 p - 3 chunks of flesh
 q - a meat ration


   Skills:
 * Level 1.2 Polearms
 + Level 0.4 Armour
 - Level 3.0 Dodging
 - Level 2.5 Stealth
 + Level 2.2 Spellcasting
 * Level 5.2 Summonings


You had 3 spell levels left.
You knew the following spells:

 Your Spells              Type           Power        Failure   Level  Hunger
a - Summon Small Mammal   Summ           ###.         10%         1    #......
b - Call Imp              Summ           ###.....     12%         2    ###....


Dungeon Overview and Level Annotations

Branches:
Dungeon (3/15)

Altars:
Fedhas


Innate Abilities, Weirdness & Mutations

You have a beak for a mouth.
You have claws for feet.


Message History

You could not reach far enough!
The giant frog hits your rat. The giant frog hits your rat.
Your rat dies!
Your rat's corpse disappears in a puff of smoke!
Casting: Summon Small Mammal
Confirm with . or Enter, or press ? or * to list all spells.
The giant frog hits you!
The giant frog hits you but does no damage.
Your rat bites the giant frog.
The giant frog hits you.
Your rat closely misses the giant frog.
Casting: Summon Small Mammal
Confirm with . or Enter, or press ? or * to list all spells.
The giant frog hits you.
* * * LOW HITPOINT WARNING * * *
The giant frog barely misses you.
Your rat closely misses the giant frog.
The giant frog closely misses you.
Your quokka barely misses the giant frog.
Your rat barely misses the giant frog.
Your quokka misses the giant frog. The giant frog hits you.
You die...

#.#
#.#
#.#
#.#
#.#
#.###
#r.r#
###F#
##@#
#..#
#.##
#.#
#.#
#.#
#.#
#.#
#.#


You could see a giant frog and a friendly quokka.

Vanquished Creatures
  A giant mite (D:1)
  A worm (D:2)
  5 orcs (D:3)
  2 ball pythons (D:2)
  3 giant cockroaches
  4 hobgoblins
  5 bats
  2 giant newts (D:1)
  3 goblins
  A kobold (D:3)
  5 rats
32 creatures vanquished.

Vanquished Creatures (collateral kills)
  A worm (D:2)
  A hobgoblin (D:1)
  A kobold (D:1)
3 creatures vanquished.

Vanquished Creatures (others)
  3 bats
  A quokka (D:2)
  A rat (D:3)
5 creatures vanquished.

Grand Total: 40 creatures vanquished

Notes
Turn   | Place    | Note
--------------------------------------------------------------
     0 | D:1      | Ladykiller69, the Tengu Summoner, began the quest for the Orb.
     0 | D:1      | Reached XP level 1. HP: 10/10 MP: 3/3
   211 | D:1      | Reached XP level 2. HP: 6/15 MP: 5/5
   743 | D:1      | Reached skill level 5 in Summonings
   944 | D:2      | Learned a level 2 spell: Call Imp
   945 | D:2      | Found a blossoming altar of Fedhas.
  1019 | D:2      | Reached XP level 3. HP: 19/19 MP: 7/7
  1364 | D:2      | Reached skill level 1 in Polearms
  1824 | D:3      | Noticed a giant frog
  1836 | D:3      | Slain by a giant frog

Action                   || total
-------------------------++-------
Melee: Unarmed           ||    54
       Spear             ||   110
 Cast: Summon Small Mamm ||    12
 Stab: Sleeping          ||     5
  Eat: Chunk             ||     3
